 Dungeon Crawl Stone Soup version 0.28-a0-620-g539b0f7ac7 (webtiles) character file.

Game seed: 15022185989866885634

216 siradein the Ruffian (level 5, -1/49 HPs)
             Began as a Troll Transmuter on Oct 7, 2021.
             Slain by a gnoll (6 damage)
             ... on level 4 of the Dungeon.
             The game lasted 00:04:49 (1908 turns).

siradein the Ruffian (Troll Transmuter)             Turns: 1908, Time: 00:04:50

Health: -1/49      AC:  4    Str: 18    XL:     5   Next: 61%
Magic:  0/6        EV: 10    Int: 16    God:
Gold:   134        SH:  0    Dex: 10    Spells: 4/7 levels left

rFire   + . .      SeeInvis .     - Unarmed
rCold   + . .      Faith    .   (no shield)
rNeg    . . .      Spirit   +   a - +0 robe
rPois   .          Reflect  .   (helmet currently unavailable)
rElec   .          Harm     .   p - scarf {rC+ rF+}
rCorr   .          Rampage  .   (gloves unavailable)
Will    .....                   (boots unavailable)
Stlth   +.........              f - amulet of guardian spirit
HPRegen 1.16/turn               k - +6 ring of intelligence
MPRegen 0.10/turn               (no ring)

@: appendages (expiring), wereblooded
A: horns 2, talons 2, large, unfitting armour, claws 3, regeneration 1, shaggy
fur 1, tough skin 1
a: End Transformation


You were on level 4 of the Dungeon.
You had temporarily grown beastly horns and talons.
You visited 1 branch of the dungeon, and saw 4 of its levels.

You collected 134 gold pieces.

Inventory:

Missiles
 d - 6 javelins
 l - 12 poisoned darts
 r - 10 atropa-tipped darts
Armour
 a - a +0 robe (worn)
 p - a scarf of resistance (worn)
Jewellery
 f - an amulet of guardian spirit (around neck)
 k - a +6 ring of intelligence (left claw)
 q - an amulet of faith
Wands
 s - a wand of flame (14)
Scrolls
 b - 3 scrolls of teleportation
 e - a scroll of immolation {unknown}
 g - a scroll of holy word {unknown}
 h - 2 scrolls of fog {unknown}
 j - a scroll of magic mapping
 m - a scroll of identify
 o - a scroll of torment
Potions
 c - 2 potions of curing {unknown}
 i - a potion of mutation {unknown}
 n - a potion of degeneration {unknown}


   Skills:
 + Level 2.0 Fighting
 + Level 2.5 Dodging
 + Level 3.9 Unarmed Combat
 + Level 1.9 Spellcasting
 + Level 2.3 Transmutations


You had 4 spell levels left.
You knew the following spells:

 Your Spells              Type           Power      Damage    Failure   Level
a - Beastly Appendage     Tmut           18%        N/A       8%          1
b - Wereblood             Tmut           9%         N/A       12%         2

Your spell library contained the following spells:

 Spells                   Type           Power      Damage    Failure   Level
 Static Discharge         Conj/Air       1%         N/A       32%         2
 Spider Form              Tmut/Pois      2%         N/A       36%         3
 Ice Form                 Ice/Tmut       5%         N/A       78%         4
 Dispel Undead            Necr           1%         3d6       91%         4
 Sticky Flame             Conj/Fire      1%         2d3       91%         4
 Fireball                 Conj/Fire      0%         3d3       99%         5
 Iskenderun's Battlesphe  Conj           1%         2d6       99%         5
 Conjure Ball Lightning   Conj/Air       0%         3x3d6     100%        6
 Orb of Destruction       Conj           0%         N/A       100%        7


Dungeon Overview and Level Annotations

Branches:
Dungeon (4/15)
 Temple: D:4-7

Altars:

Shops:
D:3 =

Annotations:
D:2 1 runed translucent door, Crazy Yiuf


Innate Abilities, Weirdness & Mutations

You have temporarily grown beastly horns and talons.
You are too large for most types of armour.
You have claws for hands.
Your natural rate of healing is unusually fast.
You are covered in fur. (AC +1)
You have tough skin. (AC +1)


Message History

Confirm with . or Enter, or press ? or * to list all spells.
Your blood is infused with primal strength.
The iguana closely misses you.
You claw the iguana! Your headbutt misses the iguana.
The iguana is heavily wounded.
The iguana barely misses you.
You closely miss the iguana. You claw the iguana.
Your headbutt misses the iguana.
The iguana is severely wounded.
The gnoll hits you from afar with a +0 halberd!
You scratch the iguana. You claw the iguana.
You feel a bit better.
You kill the iguana!
Your Fighting skill increases to level 2!
You claw the gnoll! Your kick misses the gnoll. You headbutt the gnoll.
You feel a bit better.
You kill the gnoll!
The gnoll throws a throwing net.
The throwing net hits you.
You become entangled in the net!
You are held in a net!
You struggle against the net.
You tear a large gash into the net.
You howl as the wereblood boils in your veins!
The gnoll hits you with a +0 club.
The gnoll hits you from afar with a +0 halberd!
You shred the net and break free!
Your transformation is almost over.
The gnoll barely misses you. The gnoll hits you with a +0 club.
Found a tourmaline ring.
You are too injured to fight recklessly!
You are too injured to fight recklessly!
You closely miss the gnoll. The gnoll hits you with a +0 club.
The gnoll hits you from afar with a +0 halberd!
* * * LOW HITPOINT WARNING * * *
You claw the gnoll!
You feel a bit better.
You kill the gnoll!
The gnoll hits you from afar with a +0 halberd.
* * * LOW HITPOINT WARNING * * *
The gnoll hits you with a +0 halberd.
You die...

#<.......
#.........
#..........
##.........#
......######
###..$...#
#.#....!..
###.#..?...#
#..)@...?..#
#..g.......#
#.†).........#
#.....##.....#
#.....# ....=#
..)....#
.....#
#......# #####
#......#
#.....##


You could see a gnoll.

Vanquished Creatures
  An iguana (D:4)
  Jessica (D:2)
  Natasha (thrice) (D:2)
  2 gnolls (D:4)
  2 adders (D:3)
  6 endoplasms
  2 giant cockroaches (D:2)
  4 goblins
  6 hobgoblins
  3 jackals (D:3)
  3 quokkas
  5 ball pythons
  3 bats
  5 frilled lizards
  4 kobolds
  4 rats
54 creatures vanquished.

Vanquished Creatures (others)
  3 fungi (D:2)
3 creatures vanquished.

Grand Total: 57 creatures vanquished

Notes
Turn   | Place    | Note
-------+----------+-------------------------------------------
     0 | D:1      | siradein the Troll Transmuter began the quest for the Orb.
     0 | D:1      | Reached XP level 1. HP: 18/18 MP: 1/1
    84 | D:1      | Reached skill level 1 in Fighting
   109 | D:1      | Reached XP level 2. HP: 27/27 MP: 3/3
   112 | D:1      | Learned a level 2 spell: Wereblood
   737 | D:2      | Noticed Jessica
   744 | D:2      | Killed Jessica
   745 | D:2      | Reached XP level 3. HP: 33/33 MP: 2/4
   931 | D:2      | Noticed Natasha
   938 | D:2      | Killed Natasha
   939 | D:2      | Reached XP level 4. HP: 32/41 MP: 2/5
  1004 | D:2      | Found a faded altar of an unknown god.
  1166 | D:2      | Noticed Natasha
  1172 | D:2      | Killed Natasha
  1305 | D:2      | Found a runed translucent door.
  1306 | D:2      | Noticed Crazy Yiuf
  1380 | D:2      | Noticed Natasha
  1383 | D:2      | Killed Natasha
  1413 | D:3      | Reached XP level 5. HP: 41/49 MP: 2/6
  1537 | D:3      | Found Hatirits's Jewellery Emporium.
  1908 | D:4      | Slain by a gnoll

Illustrated notes

Levels and vault maps discovered:
D:1:      amcnicky_arrival_underground_garden, layout_basic,
          minmay_shallow_snake_nest
D:2:      layout_rooms, dreamdust_ecumenical_altar_hidden_monk_grotto,
          uniq_jessica, uniq_crazy_yiuf_cottage, uniq_natasha
D:3:      layout_basic, serial_shops, shop
D:4:      layout_basic, gup_sewer_entry_bowl, kennysheep_diamond, uniq_duvessa,
          uniq_menkaure, uniq_pikel

Skill      XL: |  1  2  3  4  5 |
---------------+----------------+-----
Fighting       | 1 2 |  2.0
Dodging        | 2 |  2.5
Transmutations | 2 |  2.3
Unarmed Combat | |  3.9
Spellcasting   | |  1.9

Action                   |  1- 3 |  4- 6 || total
-------------------------+-------+-------++-------
Melee: Unarmed           |    82 |    65 ||   147
       Kick              |     1 |    10 ||    11
       Headbutt          |       |     6 ||     6
 Cast: Beastly Appendage |     2 |     6 ||     8
       Wereblood         |       |     4 ||     4
  Use: Scroll            |       |     3 ||     3
Armor: Robe              |    32 |    28 ||    60
Dodge: Dodged            |    49 |    44 ||    93

Table legend: (Time is in decaauts)
 A = Elapsed time spent in this place.
 B = Non-inter-level travel time spent in this place.
 C = Inter-level travel time spent in this place.
 D = Time resting spent in this place.
 E = Time spent auto-exploring this place.
 F = Levels seen in this place.
 G = Mean time per level.
                   A        B        C        D        E       F      G
               +--------+--------+--------+--------+--------+-----+--------+
         Total |   1913 |   1853 |     60 |      3 |   1351 |   4 |  478.2 |
       Dungeon |   1913 |   1853 |     60 |      3 |   1351 |   4 |  478.2 |
               +--------+--------+--------+--------+--------+-----+--------+

Top non-repeatable levels by time:
     D:2: 817 daAuts
     D:1: 593 daAuts
     D:3: 486 daAuts
     D:4: 16 daAuts
